Map: Odyssey LE

Players

NightEnD

  • Race: Protoss Protoss
  • League: Master
  • Spawn Location: 11:00

RiSky - Winner!

  • Race: Zerg Zerg
  • League: Master
  • Spawn Location: 5:00

VOD

Have the link to the VOD?

Description

Time

  • Played on: Nov. 16, 2017, 5:17 p.m.
  • Length: 19:15
Show
View Real Time Build Order
Export as new Build Order

NightEnD Protoss 

Build Orders: 1 Gate Expand, Archon Immortal, Zealot Archon, Archon Drop, Dark Templar Rush 

Get SALT Encoding   

  12  0:00  Probe  
  13  0:13  Probe  
  14  0:22  Pylon  
  14  0:26  Probe  
  15  0:40  Probe (Chrono Boost)  
  16  0:45  Gateway  
  16  0:47  Assimilator  
  17  0:50  Probe (Chrono Boost)  
  17  0:57  Probe  
  18  1:09  Probe  
  19  1:22  Probe  
  20  1:29  Nexus  
  20  1:34  Probe  
  21  1:40  Cybernetics Core  
  21  1:46  Probe  
  22  1:51  Assimilator  
  22  1:54  Pylon  
  22  1:58  Probe  
  23  2:12  Probe  
  24  2:15  Zealot (Chrono Boost)  
  24  2:17  Warp Gate  
  24  2:21  Twilight Council  
  26  2:25  Probe  
  27  2:33  Stalker (Chrono Boost)  
  29  2:37  Probe  
  29  2:41  Probe  
  31  2:49  Probe  
  32  2:53  Probe  
  32  2:58  Robotics Facility  
  32  3:01  Probe  
  34  3:05  Probe  
  34  3:14  Probe (Chrono Boost)  
  34  3:16  Gateway  
  34  3:17  Probe (Chrono Boost)  
  36  3:26  Probe (Chrono Boost)  
  38  3:28  Probe x2 (Chrono Boost)  
  38  3:30  Dark Shrine  
  38  3:33  Probe  
  40  3:40  Probe  
  41  3:45  Probe  
  41  3:47  Gateway  
  42  3:49  Gateway  
  42  3:55  Warp Prism (Chrono Boost)  
  44  4:00  Pylon  
  44  4:01  Probe  
  44  4:02  Probe  
  46  4:07  Pylon  
  46  4:10  Assimilator  
  46  4:13  Assimilator  
  46  4:18  Probe (Chrono Boost), Pylon  
  48  4:27  Probe (Chrono Boost)  
  48  4:30  Probe x2 (Chrono Boost)  
  50  4:34  Probe  
  51  4:42  Probe  
  51  4:43  Dark Templar x4  
  60  4:47  Archon x2  
  60  4:53  Pylon  
  60  4:56  Pylon  
  60  4:58  Probe x2  
  66  5:07  Immortal (Chrono Boost)  
  66  5:27  Zealot x4  
  74  5:33  Immortal (Chrono Boost)  
  78  5:52  Charge  
  78  5:54  Zealot  
  78  5:55  Zealot x3  
  86  6:03  Nexus  
  86  6:07  Pylon  
  86  6:08  Pylon  
  86  6:25  Zealot, Immortal (Chrono Boost)  
  88  6:26  Zealot x2  
  82  6:46  Dark Templar x4  
  82  6:49  Gateway  
  82  6:51  Archon x2  
  82  6:55  Gateway, Immortal (Chrono Boost)  
  82  7:01  Probe x2  
  88  7:03  Gateway  
  88  7:10  Gateway  
  88  7:11  Gateway  
  88  7:15  Probe  
  89  7:16  Probe x2  
  89  7:20  Dark Templar x2  
  89  7:22  Observer (Chrono Boost)  
  96  7:27  Dark Templar x2  
  100  7:34  Warp Prism (Chrono Boost)  
  102  7:42  Probe  
  103  7:45  Pylon  
  103  7:48  Archon x2  
  103  7:50  Pylon  
  103  8:03  Zealot x7  
  103  8:26  Zealot  
  95  8:27  Zealot x6  
  95  8:28  Zealot  
  105  8:37  Immortal (Chrono Boost)  
  81  8:48  Zealot  
  81  8:49  Zealot x8  
  92  9:11  Zealot  
  92  9:12  Zealot x8  
  96  9:29  Immortal (Chrono Boost)  
  88  9:38  Templar Archives  
  82  9:39  Zealot x2  
  82  9:40  Zealot x5  
  82  9:43  Zealot x2  
  100  9:49  Assimilator  
  100  9:53  Assimilator  
  100  9:55  Immortal (Chrono Boost), Psionic Storm  
  78  10:18  Zealot x8  
  78  10:19  Zealot  
  94  10:25  Immortal (Chrono Boost)  
  94  10:27  High Templar  
  98  10:46  High Templar x3  
  98  10:47  High Templar x5  
  99  10:50  Observer (Chrono Boost)  
  99  11:01  High Templar  
  102  11:05  Observer (Chrono Boost)  
  102  11:14  Gateway  
  102  11:16  Gateway  
  102  11:17  Pylon  
  102  11:19  Pylon  
  102  11:21  Zealot x2, Observer (Chrono Boost)  
  102  11:22  Zealot x2  
  102  11:25  High Templar x2  
  115  11:26  Zealot  
  115  11:28  Zealot  
  109  11:41  Archon  
  109  11:43  High Templar  
  109  11:44  High Templar  
  113  11:47  High Templar x2  
  113  11:48  Zealot x2  
  113  11:53  Archon x2  
  121  12:13  High Templar x2, Nexus  
  125  12:15  Zealot  
  125  12:17  Zealot x4, Pylon  
  125  12:18  Archon  
  134  12:29  Immortal (Chrono Boost)  
  138  12:43  Zealot x7  
  145  12:52  Zealot x2  
  145  12:58  Warp Prism (Chrono Boost)  
  129  13:05  High Templar  
  129  13:06  High Templar x3, Zealot x2  
  129  13:07  Zealot  
  129  13:11  Archon  
  129  13:12  Archon  
  124  13:24  Observer (Chrono Boost)  
  122  13:33  High Templar x4  
  130  13:34  Zealot  
  130  13:37  Archon  
  130  13:38  Archon  
  133  13:42  Observer (Chrono Boost)  
  120  13:56  Zealot  
  120  13:57  Zealot x4, Nexus  
  88  14:10  Immortal (Chrono Boost)  
  88  14:13  High Templar x3  
  82  14:35  Zealot x6  
  96  14:49  Warp Prism (Chrono Boost)  
  96  14:51  Assimilator  
  96  14:52  High Templar  
  96  14:53  High Templar x2  
  96  14:57  High Templar  
  96  14:58  High Templar  
  106  15:02  Zealot x4  
  108  15:20  Immortal (Chrono Boost)  
  112  15:35  Zealot  
  112  15:36  Zealot x8  
  130  15:49  Observer (Chrono Boost)  
  131  15:56  Zealot  
  133  16:01  Observer (Chrono Boost)  
  124  16:08  High Templar x4  
  124  16:09  Zealot x2  
  124  16:10  Zealot x2  
  126  16:12  Archon  
  120  16:24  Archon  
  120  16:27  Observer  
  103  16:34  Zealot x3  
  103  16:35  Zealot x2  
  113  16:45  Zealot x2  
  113  16:46  Zealot x2  
  97  16:57  Warp Prism (Chrono Boost)  
  97  16:59  High Templar x3  
  97  17:00  High Templar  
  107  17:03  Archon  
  107  17:04  Archon  
  107  17:09  Zealot x3  
  107  17:10  Zealot x2  
  115  17:31  Observer  
  115  17:32  High Templar x4  
  115  17:33  Zealot x2  
  115  17:34  Zealot x3  
  70  17:56  High Templar, Zealot x3  
  70  17:57  Zealot  
  63  18:42  Pylon  
  61  19:09  Assimilator  
Show
View Real Time Build Order
Export as new Build Order

RiSky Zerg - Winner!

Build Orders: Hatch First, Lurkers 

Get SALT Encoding   

  12  0:00  Drone  
  13  0:12  Overlord  
  13  0:16  Drone  
  14  0:30  Drone x2  
  14  0:34  Drone  
  17  0:52  Hatchery  
  17  0:54  Drone  
  17  0:58  Drone  
  18  1:08  Extractor  
  17  1:12  Spawning Pool  
  17  1:15  Drone  
  17  1:18  Drone  
  18  1:27  Drone  
  19  1:38  Overlord  
  19  1:50  Drone  
  20  1:58  Queen  
  20  2:00  Zergling x2  
  23  2:03  Queen  
  23  2:04  Zergling x2  
  23  2:07  Metabolic Boost  
  26  2:10  Drone  
  26  2:14  Drone  
  28  2:25  Drone x2  
  30  2:38  Hatchery  
  30  2:39  Drone  
  30  2:40  Drone  
  31  2:47  Overlord  
  31  2:49  Drone  
  32  2:55  Drone  
  32  2:58  Drone  
  34  3:04  Drone  
  35  3:10  Overlord, Drone x2  
  37  3:14  Overlord  
  37  3:21  Extractor  
  37  3:22  Roach Warren  
  37  3:24  Drone  
  36  3:29  Drone x2  
  36  3:30  Drone x3  
  36  3:33  Lair  
  41  3:38  Drone  
  41  3:40  Drone  
  43  3:44  Drone  
  43  3:45  Queen  
  45  3:48  Overlord  
  45  3:52  Drone  
  45  3:53  Drone  
  47  3:59  Overlord  
  47  4:00  Drone x2  
  47  4:02  Drone  
  50  4:03  Drone  
  51  4:11  Queen  
  51  4:16  Roach  
  51  4:17  Roach x2  
  59  4:20  Roach  
  59  4:23  Drone x2  
  63  4:26  Spore Crawler  
  63  4:27  Roach  
  63  4:28  Roach  
  63  4:30  Overseer  
  66  4:33  Drone x3  
  69  4:41  Queen  
  69  4:42  Drone  
  69  4:43  Drone  
  73  4:46  Overlord  
  73  4:54  Overlord  
  73  4:59  Overlord  
  73  5:01  Glial Reconstitution  
  73  5:05  Overlord  
  73  5:06  Roach x3  
  79  5:08  Overlord  
  79  5:13  Overlord  
  79  5:18  Queen  
  79  5:20  Overlord  
  79  5:21  Overseer  
  81  5:22  Drone x4  
  81  5:26  Drone x2  
  81  5:28  Drone  
  88  5:29  Evolution Chamber, Drone  
  88  5:30  Baneling Nest  
  88  5:32  Drone  
  88  5:33  Overlord  
  88  5:34  Drone  
  89  5:35  Drone  
  89  5:37  Overlord  
  89  5:38  Overlord  
  89  5:40  Drone  
  91  5:42  Extractor  
  91  5:43  Drone  
  91  5:44  Extractor x2  
  89  5:50  Overlord  
  89  5:51  Drone  
  89  5:52  Drone  
  89  5:53  Drone x2  
  89  5:54  Overlord  
  93  6:00  Roach x2  
  93  6:01  Roach x2  
  93  6:02  Zerg Missile Weapons Level 1  
  101  6:06  Drone x2  
  101  6:09  Overlord  
  101  6:10  Drone x2  
  105  6:13  Roach  
  107  6:23  Roach x3  
  108  6:27  Roach  
  108  6:31  Roach x4  
  114  6:34  Roach  
  114  6:35  Roach x2  
  114  6:40  Overlord  
  114  6:46  Drone  
  115  6:47  Hydralisk Den  
  115  6:51  Overlord  
  114  6:54  Drone x2  
  114  6:55  Overlord  
  114  6:58  Drone  
  114  6:59  Hatchery  
  116  7:03  Overlord  
  116  7:05  Drone  
  116  7:07  Extractor, Centrifical Hooks  
  116  7:10  Overlord  
  116  7:16  Muscular Augments, Drone x2  
  116  7:18  Overlord  
  116  7:19  Zergling x6  
  116  7:20  Zergling x10  
  116  7:21  Spore Crawler  
  116  7:22  Overlord  
  125  7:26  Overlord  
  125  7:31  Drone  
  125  7:32  Overlord  
  125  7:33  Lurker Den  
  125  7:38  Zergling x2  
  125  7:40  Overlord  
  125  7:42  Hydralisk x4  
  134  7:46  Hydralisk  
  134  7:47  Hydralisk x2  
  140  7:52  Baneling x6  
  140  7:54  Zergling x10  
  145  8:00  Zergling x2  
  145  8:01  Zergling x2  
  145  8:02  Ravager x2  
  149  8:06  Zergling x2  
  149  8:12  Zergling x14  
  149  8:13  Zergling x4  
  149  8:19  Zergling x8  
  145  8:25  Hydralisk  
  145  8:26  Hydralisk x2  
  133  8:34  Hydralisk x3  
  133  8:38  Hydralisk x4  
  131  8:44  Hydralisk x2  
  126  8:50  Hydralisk x3  
  126  8:51  Hydralisk  
  126  8:54  Hydralisk  
  124  9:05  Zergling x2  
  124  9:06  Zergling x10  
  124  9:09  Drone  
  112  9:12  Drone  
  112  9:13  Drone  
  112  9:14  Drone  
  105  9:17  Hydralisk x3  
  102  9:24  Hydralisk x3  
  102  9:25  Hydralisk x2  
  102  9:29  Hydralisk  
  107  9:33  Zergling x2  
  107  9:34  Zergling x2  
  109  9:40  Zergling x4  
  109  9:42  Drone  
  112  9:46  Queen  
  112  9:47  Drone  
  112  9:50  Drone  
  116  9:53  Overlord  
  116  9:54  Infestation Pit, Drone  
  116  9:56  Zergling x2  
  116  9:57  Zergling x2  
  117  10:04  Lurker  
  111  10:09  Hydralisk x5  
  117  10:20  Queen  
  119  10:25  Extractor  
  119  10:26  Zergling x16  
  126  10:33  Hatchery  
  120  10:42  Zergling x4  
  116  10:43  Zergling x10  
  116  10:47  Hive  
  116  10:48  Zerg Missile Weapons Level 2  
  116  10:49  Hydralisk  
  115  10:50  Hydralisk x2  
  115  10:53  Drone x2  
  115  10:54  Drone x2  
  125  11:01  Drone  
  126  11:11  Hydralisk x2  
  126  11:12  Hydralisk x6  
  142  11:20  Hydralisk x3  
  148  11:28  Hydralisk x4  
  156  11:38  Lurker  
  156  11:39  Lurker x3  
  159  11:44  Drone x8  
  159  11:46  Drone  
  169  11:54  Drone  
  169  11:55  Lurker x3  
  169  11:56  Drone  
  173  12:01  Adaptive Talons  
  173  12:03  Extractor  
  173  12:05  Extractor  
  173  12:07  Zergling x16  
  179  12:14  Hydralisk x3  
  185  12:20  Hydralisk x3  
  191  12:28  Hydralisk  
  191  12:29  Hydralisk x3  
  198  12:38  Overlord  
  198  12:43  Baneling x7  
  193  12:55  Hydralisk x8  
  196  13:03  Hydralisk  
  196  13:04  Hydralisk x2  
  200  13:06  Zerg Missile Weapons Level 3  
  177  13:20  Hydralisk x7  
  177  13:23  Zergling x18  
  177  13:24  Zergling x4  
  193  13:35  Lurker x3  
  193  13:37  Zergling x8  
  183  13:50  Zergling x20  
  177  14:00  Hydralisk x7  
  156  14:04  Hydralisk  
  156  14:08  Hydralisk x3  
  156  14:09  Hydralisk  
  150  14:14  Hydralisk  
  150  14:19  Hydralisk x4  
  150  14:24  Hydralisk x3  
  144  14:28  Hydralisk x3  
  156  14:32  Hydralisk  
  156  14:34  Hydralisk  
  158  14:41  Queen  
  160  14:47  Lurker x5  
  160  14:48  Lurker  
  160  14:50  Zergling x14  
  173  14:54  Zergling x2  
  173  14:55  Zergling x8  
  178  15:00  Zergling x10  
  178  15:02  Hatchery  
  180  15:09  Zergling x10  
  178  15:25  Overseer x4  
  178  15:29  Hydralisk x9  
  189  16:03  Hydralisk x8  
  196  16:11  Spire  
  195  16:23  Hydralisk x2  
  196  16:41  Zergling x12  
  195  17:00  Lurker x4  
  199  17:02  Overseer  
  199  17:06  Hatchery  
  198  17:15  Zergling x4  
  199  17:26  Greater Spire  
  199  17:31  Extractor x2  
  196  17:44  Corruptor x3  
  174  17:45  Corruptor x5  
  174  17:46  Corruptor  
  184  18:17  Overseer x4  
  178  18:39  Brood Lord x3  
  178  18:40  Brood Lord x5  
  190  18:42  Zergling x16  
Tags
 
Add a new tag
Caveats
  • Supply blocks, unpowered buildings, or Contaminate may cause inaccurate times.
  • Supply counts are checked every 10 seconds.